 Dungeon Crawl Stone Soup version 0.31-a0-1570-g93c622d222 (webtiles) character file.

Game seed: 10366477719865376516

170 javelincjr the Ducker (level 5, -6/35 HPs)
             Began as a Djinni Hedge Wizard on Jan 3, 2024.
             Killed by divine providence
             ... invoked by an orc priest
              (16 damage)
             ... on level 4 of the Dungeon.
             The game lasted 00:07:05 (2742 turns).

javelincjr the Ducker (Djinni Hedge Wizard)         Turns: 2742, Time: 00:07:05

Health: -6/35      AC:  2    Str:  9    XL:     5   Next: 80%
Gold:   162        EV: 14    Int: 18    God:
                   SH:  0    Dex: 18

rFire   + + .        a - +0 dagger
rCold   x . .        (no shield)
rNeg    . . .        b - +0 robe
rPois   ∞            c - +0 hat
rElec   .            (no cloak)
rCorr   .            (no gloves)
SInv    .            (boots unavailable)
Will    .....        (no amulet)
Stlth   ++           k - +6 ring of dexterity
HPRegen 0.25/turn    (no ring)
MPRegen 0.00/turn

%: infuse magic (-7 HP)
@: flying
A: sickness immunity, fire resistance 2, cold vulnerability 1, float, innate
caster, HP casting, extra vitality 1
a: no special abilities


You were on level 4 of the Dungeon.
You visited 1 branch of the dungeon, and saw 4 of its levels.

You collected 162 gold pieces.

Inventory:

Hand Weapons
 a - a +0 dagger (weapon)
Missiles
 f - 10 poisoned darts
 r - 6 curare-tipped darts
Armour
 b - a +0 robe (worn)
 c - a +0 hat (worn)
Jewellery
 k - a +6 ring of dexterity (left hand)
Wands
 q - a wand of iceblast (10)
Scrolls
 d - 4 scrolls of teleportation {unknown}
 e - 2 scrolls of revelation {unknown}
 i - 2 scrolls of immolation {unknown}
 j - 3 scrolls of identify {unknown}
 m - a scroll of enchant armour {unknown}
 o - a scroll of enchant weapon {unknown}
 s - a scroll of fog {unknown}
 u - a scroll of fear {unknown}
Potions
 g - 3 potions of might {unknown}
 h - 3 potions of heal wounds {unknown}
 l - a potion of curing {unknown}
 n - a potion of berserk rage {unknown}
 p - a potion of enlightenment {unknown}
 t - a potion of haste {unknown}
 v - a potion of mutation {unknown}


   Skills:
 + Level 3.9 Dodging
 + Level 3.1 Stealth
 + Level 3.8 Spellcasting
 + Level 3.8 Conjurations
 + Level 3.8 Hexes
 + Level 3.8 Summonings
 + Level 3.8 Necromancy
 + Level 3.8 Translocations
 + Level 3.8 Fire Magic
 + Level 3.8 Ice Magic
 + Level 3.8 Air Magic
 + Level 3.8 Earth Magic
 + Level 3.8 Alchemy


You knew the following spells:

 Your Spells              Type           Power      Damage    Failure   Level
a - Magic Dart            Conj           68%        1d6       3%          1
b - Slow                  Hex            68%        N/A       3%          1
c - Blink                 Tloc           34%        N/A       4%          2
d - Call Imp              Summ           34%        N/A       4%          2
e - Mephitic Cloud        Conj/Alch/Air  17%        N/A       10%         3
f - Kiss of Death         Conj/Necr      68%        2d10      3%          1
g - Mercury Vapours       Alch/Air       34%        N/A       4%          2
Your spell library was empty.

Dungeon Overview and Level Annotations

Branches:
Dungeon (4/15)
 Temple: D:4-7

Altars:
Fedhas
Gozag


Innate Abilities, Weirdness & Mutations

You are immune to sickness and miasma.
You are immune to poison.
Your flesh is very heat resistant. (rF++)
You are vulnerable to cold. (rC-)
You float through the air rather than walking.
You learn spells naturally, not from books.
Your magical power is your life essence.
You have superior vitality. (+4 MHP)


Message History

The orc hits your cerulean imp but does no damage.
Your cerulean imp closely misses the orc priest.
The orc priest misses your cerulean imp.
The orc priest begins to cast a cantrip, but forgets the words!
The orc closely misses your cerulean imp.
Your cerulean imp hits the orc priest but does no damage.
The orc priest hits your cerulean imp with a +0 flail.
Your cerulean imp dies!
Your cerulean imp disappears in a puff of smoke!
Casting: Mercury Vapours (safe; 4% risk of failure)
Confirm with . or Enter, or press ? or * to list all spells.
A tiny devil pulls itself out of the air.
* * * LOW HITPOINT WARNING * * *
Casting: Call Imp (safe; 4% risk of failure)
Confirm with . or Enter, or press ? or * to list all spells.
Aiming: Magic Dart (safe; 3% risk of failure)
Press: ? - help, Shift-Dir - straight line, f/p - orc priest
Aim: an orc priest, wielding a +0 dagger and wearing a +0 leather armour (almost dead, poisoned, weak, ally target, 100% to hit)
You miscast Magic Dart.
You are very lightly contaminated with residual magic.
Nothing appears to happen.
* * * LOW HITPOINT WARNING * * *
The orc is no longer weakened.
You kill the orc priest!
Casting: Magic Dart (safe; 3% risk of failure)
Confirm with . or Enter, or press ? or * to list all spells.
Aiming: Magic Dart (safe; 3% risk of failure)
Press: ? - help, Shift-Dir - straight line, f - orc
Aim: an orc, wielding a +0 short sword and wearing a +0 chain mail (ally target, 100% to hit)
The magic dart hits something.
* * * LOW HITPOINT WARNING * * *
Your cerulean imp hits the orc but does no damage.
The orc priest barely misses your cerulean imp.
Your cerulean imp closely misses the orc.
Your cerulean imp closely misses the orc.
Your magical contamination has completely faded away.
The orc priest looks more healthy.
The orc priest calls down the wrath of Beogh upon you.
Beogh smites you!
You die...

#. #....###.##.#
####........##.###
........###.##....
...................
###..........##....
#####..###.##....
#......o.........
#.###......###.##....
#...@..5..o....).....
#.###....#.######....
#....#.# #....
#####...{o5...##+
#....o.o...
.......##.#. ........
..... ##...##.##.# .
. #.# .


You could see an orc priest, an orc and a friendly cerulean imp (summoned).

Vanquished Creatures
  An orc priest (D:4)
  An orc wizard (D:3)
  3 adders
  3 dart slugs
  6 orcs
  3 ball pythons
  An endoplasm (D:1)
  4 giant cockroaches
  5 goblins
  4 hobgoblins (D:2)
  11 kobolds
  4 quokkas
  14 bats
  4 frilled lizards
  4 rats
68 creatures vanquished.

Vanquished Creatures (collateral kills)
  A ribbon worm (D:2)
  An endoplasm (D:2)
  A hobgoblin (D:2)
  A frilled lizard (D:2)
4 creatures vanquished.

Grand Total: 72 creatures vanquished

Notes
Turn   | Place    | Note
-------+----------+-------------------------------------------
     0 | D:1      | javelincjr the Djinni Hedge Wizard began the quest for the
                  | Orb.
     0 | D:1      | javelincjr set off with the following spells memorised:
                  | Magic Dart, Slow, Blink, Call Imp, Mephitic Cloud.
     0 | D:1      | Reached XP level 1. HP: 15/15 MP: 0/0
   121 | D:1      | Reached XP level 2. HP: 20/21 MP: 0/0
   529 | D:1      | Found a faded altar of an unknown god.
   861 | D:2      | Reached XP level 3. HP: 23/25 MP: 0/0
   861 | D:2      | Learned a level 1 spell: Kiss of Death
  1514 | D:2      | Reached XP level 4. HP: 28/31 MP: 0/0
  1851 | D:3      | Found a blossoming altar of Fedhas.
  2097 | D:3      | Found an opulent altar of Gozag.
  2319 | D:3      | Reached XP level 5. HP: 27/35 MP: 0/0
  2319 | D:3      | Learned a level 2 spell: Mercury Vapours
  2742 | D:4      | Killed from afar by an orc priest

Illustrated notes

Levels and vault maps discovered:
D:1:      lightli_arrival_flooded_house, layout_loops_ring,
          shapermc_ecumenical_altar_acropolis
D:2:      layout_loops_cross
D:3:      layout_loops_cross, mainiacjoe_overflow_brackets,
          mainiacjoe_overflow_boulevard, kiku_gazebo_pond_becter,
          grunt_ministairs_11
D:4:      layout_basic, temple_fountains

Skill      XL: |  1  2  3  4  5 |
---------------+----------------+-----
Stealth        | 2 3 |  3.1
Dodging        | 3 |  3.9
Spellcasting   | |  3.8
Conjurations   | |  3.8
Hexes          | |  3.8
Summonings     | |  3.8
Necromancy     | |  3.8
Translocations | |  3.8
Fire Magic     | |  3.8
Ice Magic      | |  3.8
Air Magic      | |  3.8
Earth Magic    | |  3.8
Alchemy        | |  3.8

Action                     |  1- 3 |  4- 6 || total
---------------------------+-------+-------++-------
  Melee: Dagger            |    38 |     2 ||    40
   Cast: Magic Dart        |    66 |    78 ||   144
         Call Imp          |     2 |     2 ||     4
         Mercury Vapours   |       |     4 ||     4
   Stab: Sleeping          |     2 |       ||     2
 Armour: Robe              |    22 |     8 ||    30
  Dodge: Dodged            |    40 |     7 ||    47

Table legend: (Time is in decaauts)
 A = Elapsed time spent in this place.
 B = Non-inter-level travel time spent in this place.
 C = Inter-level travel time spent in this place.
 D = Time resting spent in this place.
 E = Time spent auto-exploring this place.
 F = Levels seen in this place.
 G = Mean time per level.
                   A        B        C        D        E       F      G
               +--------+--------+--------+--------+--------+-----+--------+
         Total |   2740 |   2639 |    101 |      0 |   2223 |   4 |  685.0 |
       Dungeon |   2740 |   2639 |    101 |      0 |   2223 |   4 |  685.0 |
               +--------+--------+--------+--------+--------+-----+--------+

Top non-repeatable levels by time:
     D:3: 913 daAuts
     D:2: 875 daAuts
     D:1: 851 daAuts
     D:4: 100 daAuts
